 Dungeon Crawl Stone Soup version 0.31-a0-246-g8cbcc1cb85 (webtiles) character file.

Game seed: 12597244569433183007

19 qw the Shooter (level 2, -1/24 HPs)
             Began as a Minotaur Hexslinger on July 12, 2023.
             Frozen to death by an endoplasm (2 damage)
             ... on level 1 of the Dungeon.
             The game lasted 00:00:15 (812 turns).

qw the Shooter (Minotaur Hexslinger)                 Turns: 812, Time: 00:00:15

Health: -1/24      AC:  5    Str: 12    XL:     2   Next: 55%
Magic:  2/2        EV: 10    Int: 10    God:
Gold:   49         SH:  0    Dex: 12    Spells: 2/3 levels left

rFire   . . .        Y - +1 sling
rCold   . . .        (no shield)
rNeg    . . .        g - +0 ring mail
rPois   .            (helmet restricted)
rElec   .            (no cloak)
rCorr   .            (no gloves)
SInv    .            (no boots)
Will    .....        (no amulet)
Stlth   +            (no ring)
HPRegen 0.24/turn    (no ring)
MPRegen 0.08/turn

%: no passive effects
@: no status effects
A: horns 2, retaliatory headbutt
a: no special abilities


You were on level 1 of the Dungeon.
You visited 1 branch of the dungeon, and saw 2 of its levels.

You collected 49 gold pieces.


Innate Abilities, Weirdness & Mutations

You have a pair of horns on your head.
You reflexively headbutt those who attack you in melee.


   Skills:
 - Level 2.0 Fighting
 + Level 3.2 Ranged Weapons
 - Level 2.1 Dodging
 - Level 1.0 Spellcasting
 - Level 2.0 Hexes


You had 2 spell levels left.
You knew the following spells:

 Your Spells              Type           Power      Damage    Failure   Level
a - Slow                  Hex            16%        N/A       34%         1

Your spell library contained the following spells:

 Spells                   Type           Power      Damage    Failure   Level
 Inner Flame              Hex/Fire       2%         N/A       83%         3
 Portal Projectile        Hex/Tloc       4%         N/A       83%         3
 Cause Fear               Hex            2%         N/A       98%         4

Inventory:

Hand Weapons
 Y - a +1 sling (weapon)
Armour
 g - a +0 ring mail (worn)
Scrolls
 a - a scroll of identify
Potions
 e - a potion of ambrosia {unknown}
 h - a potion of brilliance {unknown}

Dungeon Overview and Level Annotations

Branches:
Dungeon (2/15)

Altars:


Message History

The giant cockroach barely misses you.
The ball python skeleton barely misses you.
The ball python skeleton constricts you.
The hobgoblin barely misses you.
The giant cockroach completely misses you.
You shoot a sling bullet.
The sling bullet barely misses the ball python skeleton.
The ball python skeleton bites you.
The ball python skeleton constricts you.
The hobgoblin hits you but does no damage.
The giant cockroach barely misses you. You furiously retaliate!
You headbutt the giant cockroach!
You kill the giant cockroach!
The ball python skeleton closely misses you.
The ball python skeleton constricts you.
The hobgoblin hits you but does no damage.
You shoot a sling bullet.
The sling bullet hits the ball python skeleton.
You destroy the ball python skeleton!
The hobgoblin hits you. The endoplasm barely misses you.
809 ||| STAIRDANCE The hobgoblin misses you.
The endoplasm barely misses you.
You climb upwards.
There is a stone staircase leading down here.
Enter note:
Enter note:
Enter note:
Enter note: You shoot a sling bullet.
The sling bullet closely misses the hobgoblin.
The endoplasm freezes you.
You are frozen.
The hobgoblin hits you.
You shoot a sling bullet.
The sling bullet completely misses the hobgoblin.
The endoplasm freezes you.
You are frozen.
The hobgoblin barely misses you. You furiously retaliate!
You headbutt the hobgoblin. The endoplasm freezes you.
You are frozen.
You die...

#7#.##...# #........###....#
#7#.##...####.............)##
#7#..#.....................######
#7##.#..........................#
# #..#.........##..#............#
###'#####'#######.##............#
....# #..# #...##............#
....# ##.####.J.##.....########
##### #......@.###############
#....)..g####...........
#...........'........###
#.........###........###
#.........# #........'..
#.........###...[....##.
#######'#............##.
#.#..#.####+#####( #.#..#.####.#
#.


You could see an endoplasm and a hobgoblin.

Vanquished Creatures
  A ball python (D:1)
  2 endoplasms (D:1)
  2 giant cockroaches
  3 goblins (D:1)
  A hobgoblin (D:1)
  A quokka (D:1)
  A ball python skeleton (D:2)
  A ball python zombie (D:2)
  3 bats
  A frilled lizard (D:1)
  A jackal zombie (D:2)
  A kobold (D:1)
18 creatures vanquished.

Notes
Turn   | Place    | Note
-------+----------+-------------------------------------------
     0 | D:1      | qw the Minotaur Hexslinger began the quest for the Orb.
     0 | D:1      | Reached XP level 1. HP: 16/16 MP: 1/1
     0 | D:1      | 0 ||| qw: Version: 0.3-a-52-g30416fa
     0 | D:1      | 0 ||| qw: Game counter: 6205
     0 | D:1      | 0 ||| qw: Melee chars always use a shield: true
     0 | D:1      | 0 ||| qw: God list: Okawaru
     0 | D:1      | 0 ||| qw: Allow faded altars: false
     0 | D:1      | 0 ||| qw: Do Orc after clearing Dungeon:15 true
     0 | D:1      | 0 ||| qw: Do second Lair branch before Depths: true
     0 | D:1      | 0 ||| qw: Lair rune preference: random
     0 | D:1      | 0 ||| qw: Goals: Normal
     0 | D:1      | 0 ||| PLANNING D:1-11
   112 | D:1      | Reached skill level 3 in Ranged Weapons
   148 | D:1      | Reached XP level 2. HP: 23/23 MP: 2/2
   738 | D:1      | 738 ||| UPGRADING to +0 ring mail.
   748 | D:1      | 748 ||| DROPPING +0 robe.
   749 | D:1      | 749 ||| READING 2 scrolls labelled AGYBLI NUUTO.
   750 | D:1      | 750 ||| READING scroll labelled OWEPNO AGAPNUU.
   751 | D:1      | 751 ||| DROPPING scroll of poison.
   808 | D:2      | HP: 6/24 [hobgoblin (4)]
   809 | D:2      | 809 ||| STAIRDANCE
   811 | D:1      | HP: 2/24 [hobgoblin (3)]
   812 | D:1      | Frozen to death by an endoplasm

Levels and vault maps discovered:
D:1:      beargit_arrival_diablo_church, layout_basic
D:2:      layout_rooms, ebering_ecumenical_altar_mist, serial_undead,
          serial_undead_d, serial_undead_c, serial_undead_c, serial_undead_d,
          serial_undead_b, serial_undead_c, serial_undead_c, serial_undead_d,
          serial_undead_f, serial_undead_b, uniq_natasha

Skill      XL: |  1  2 |
---------------+-------+-----
Ranged Weapons | 3 |  3.2
Fighting       | 2 |  2.0
Dodging        | |  2.1
Spellcasting   | |  1.0
Hexes          | |  2.0

Action                     || total
---------------------------++-------
   Fire: Sling             ||    57
    Use: Scroll            ||     2
 Armour: Robe              ||     8
         Ring mail         ||    12
  Dodge: Dodged            ||    28

Table legend:
 A = Non-vault XP
 B = Vault XP
 C = Vault XP percentage of total XP
 D = Non-vault monster count
 E = Vault monster count
 F = Vault count percentage of total count
                 A         B        C        D         E       F
            +---------+---------+-------+---------+---------+-------
      Total |      25 |       3 |  10.7 |      15 |       3 |  16.7
            +---------+---------+-------+---------+---------+-------
        D:1 |      22 |       0 |   0.0 |      13 |       0 |   0.0
        D:2 |       3 |       3 |  50.0 |       2 |       3 |  60.0
            +---------+---------+-------+---------+---------+-------
